[Event "Titled Tuesday Blitz May 24 Late 2022"]
[White "Quesada Perez, Yuniesky"]
[Black "Janaszak, Dawid"]
[WhiteFideId "3504409"]
[BlackFideId "1119206"]
[WhiteElo "2622"]
[BlackElo "2199"]
[Result "0-1"]
[Round "04"]
[TimeControl "180+1"]
[Date "2022.05.24"]
[WhiteClock "0:00:25"]
[BlackClock "0:01:00"]

1. e4 c5 2. Nf3 Nc6 3. Bb5 g6 4. O-O Bg7 5. c3 Nf6 6. Re1 O-O 7. d4 d5 8. e5 Ne4 9. Bxc6 bxc6 10. Be3 cxd4 11. cxd4 Qb6 12. b3 a5 13. Nfd2 Bf5 14. Nxe4 Bxe4 15. Nc3 Bf5 16. Qd2 Rfc8 17. Na4 Qb4 18. Rac1 Rab8 19. Rc5 f6 20. Rxa5 fxe5 21. dxe5 Bxe5 22. Qxb4 Rxb4 23. Bc5 Re4 24. Rxe4 Bxe4 25. Bxe7 Re8 26. Ra7 Bb1 27. a3 Bd6 28. Nc3 Bxe7 29. Nxb1 Bc5 0-1


[Site "https://www.chess.com"]

[Event "Titled Tuesday Blitz May 24 Late 2022"]
[White "Rasulov, Vugar"]
[Black "Csonka, Balazs"]
[WhiteFideId "13402390"]
[BlackFideId "742910"]
[WhiteElo "2560"]
[BlackElo "2404"]
[Result "0-1"]
[Round "04"]
[TimeControl "180+1"]
[Date "2022.05.24"]
[WhiteClock "0:00:06"]
[BlackClock "0:00:07"]

1. d4 d5 2. Nf3 Nf6 3. c4 e6 4. Nc3 c6 5. Bg5 dxc4 6. e4 b5 7. e5 h6 8. Bh4 g5 9. exf6 gxh4 10. Ne5 Qxf6 11. g3 Nd7 12. Nxc6 Bb7 13. Bg2 Rc8 14. d5 exd5 15. Nd4 Bc5 16. Nce2 a6 17. O-O O-O 18. Qd2 Ne5 19. Rad1 Nd3 20. Nf3 h3 21. Bh1 Rfe8 22. b3 Re7 23. Nc1 Nxc1 24. Qxc1 Rce8 25. Rd2 d4 26. Nh4 Bxh1 27. Kxh1 Re4 28. f3 c3 29. fxe4 cxd2 30. Qd1 Qe6 31. Qxd2 Qxe4+ 32. Nf3 Qe2 33. Qc1 Qg2# 0-1


[Site "https://www.chess.com"]

[Event "Titled Tuesday Blitz May 24 Late 2022"]
[White "Ribeiro, Matheus Mendes Domingues"]
[Black "Gatterer, Florian"]
[WhiteFideId "324226923"]
[BlackFideId "811688"]
[WhiteElo "1919"]
[BlackElo "2218"]
[Result "1-0"]
[Round "04"]
[TimeControl "180+1"]
[Date "2022.05.25"]
[WhiteClock "0:00:23"]
[BlackClock "0:00:10"]

1. c4 d6 2. Nf3 g6 3. Nc3 Bg7 4. g3 c5 5. Bg2 Nc6 6. O-O Bd7 7. d4 cxd4 8. Nb5 Qb6 9. Qb3 Nf6 10. Bd2 O-O 11. Rfd1 a6 12. Nbxd4 Qxb3 13. Nxb3 Ne4 14. Rab1 Nxd2 15. Rxd2 Rac8 16. c5 Bf5 17. Rc1 Bh6 18. e3 Nb4 19. cxd6 exd6 20. Rxc8 Rxc8 21. a3 Nd3 22. Nh4 Nc5 23. Nxc5 Rxc5 24. Nxf5 gxf5 25. Bxb7 a5 26. Rxd6 Rb5 27. Rxh6 Rxb7 28. Ra6 Rxb2 29. Rxa5 Rb3 30. Ra6 Kg7 31. h4 h5 32. Kg2 f6 33. a4 Kg6 34. a5 Ra3 35. Ra8 Ra4 36. a6 Kg7 37. a7 Kh7 38. Rf8 Rxa7 39. Rxf6 Ra5 40. Kf3 Kg7 41. Rb6 Ra4 42. Rd6 Rb4 43. Rd4 Rb6 44. Kf4 Kg6 45. f3 Ra6 46. Rd5 Ra4+ 47. e4 fxe4 48. fxe4 Ra6 49. Rg5+ Kh6 50. Rd5 Rf6+ 51. Ke3 Rf1 52. Rd6+ Kh7 53. Rd3 Kh6 54. e5 Re1+ 55. Kd4 Kg6 56. Kd5 Kf5 57. Rf3+ Kg4 58. Rd3 Kf5 59. Kd6 Rxe5 60. Rf3+ Kg4 61. Kxe5 Kxf3 62. Kf5 Kxg3 63. Kg5 Kf3 64. Kxh5 Kf4 65. Kg6 Ke5 66. h5 Ke6 67. h6 Ke5 68. h7 Kf4 69. h8=Q Kg4 70. Qf6 Kg3 71. Qf5 Kg2 72. Qf4 Kg1 73. Qf3 1-0


[Site "https://www.chess.com"]

[Event "Titled Tuesday Blitz May 24 Late 2022"]
[White "Richter, Nils"]
[Black "Melikhov, Evgeny V."]
[WhiteFideId "12990809"]
[BlackFideId "4122046"]
[WhiteElo "2243"]
[BlackElo "1931"]
[Result "1-0"]
[Round "04"]
[TimeControl "180+1"]
[Date "2022.05.25"]
[WhiteClock "0:00:11"]
[BlackClock "0:00:08"]

1. b3 e5 2. Bb2 Nc6 3. c4 d5 4. cxd5 Qxd5 5. Nc3 Qd8 6. e3 Be6 7. Bb5 Qd7 8. Nf3 f6 9. d4 exd4 10. Nxd4 Nge7 11. Nxe6 Qxe6 12. O-O a6 13. Bc4 Qf5 14. e4 Qg6 15. Nd5 Nxd5 16. exd5 O-O-O 17. Qe2 Ne5 18. Bxe5 fxe5 19. Qxe5 Bd6 20. Qe6+ Qxe6 21. dxe6 b5 22. Be2 Rde8 23. Bg4 h5 24. Bf5 g6 25. Bxg6 Reg8 26. Bf7 Rg5 27. h4 Rg4 28. g3 Kd8 29. Kg2 Ke7 30. Rfe1 Rh7 31. Rad1 Rhg7 32. Bxh5 Rxh4 33. Bf7 Rhg4 34. Rd3 a5 35. Rh1 a4 36. Rh8 R7g5 37. Bh5 Re4 38. Rh7+ Kd8 39. Bf7 Rc5 40. Kf3 Re1 41. Kg2 Re2 42. Kf1 Rxa2 43. Bg6 Rcc2 44. Rxd6+ cxd6 45. e7+ Kc7 46. e8=Q+ Kb6 47. Qb8+ Ka5 48. Qa7+ Kb4 49. Qd4+ Ka3 50. Rf7 axb3 51. Ra7# 1-0


[Site "https://www.chess.com"]

[Event "Titled Tuesday Blitz May 24 Late 2022"]
[White "Roman, Rodrigo"]
[Black "Vujic, Mihailo"]
[WhiteFideId "3701220"]
[BlackFideId "918873"]
[WhiteElo "2001"]
[BlackElo "2256"]
[Result "1-0"]
[Round "04"]
[TimeControl "180+1"]
[Date "2022.05.25"]
[WhiteClock "0:00:16"]
[BlackClock "0:00:07"]

1. Nf3 Nc6 2. b3 e5 3. Bb2 e4 4. Nd4 Nxd4 5. Bxd4 c5 6. Bb2 Nf6 7. e3 d5 8. Be2 Bd6 9. h3 Kf8 10. d3 exd3 11. cxd3 Be6 12. Nd2 Rc8 13. e4 d4 14. O-O Qd7 15. f4 Bb8 16. f5 Qc7 17. Nf3 Bd7 18. Rc1 Qg3 19. Qe1 b6 20. Qxg3 Bxg3 21. Nxd4 cxd4 22. Bxd4 Ke7 23. e5 Nd5 24. Rc4 Bb5 25. f6+ gxf6 26. exf6+ Kd8 27. Rxc8+ Kxc8 28. Rf5 Bc6 29. Rg5 Bc7 30. Rg7 Be8 31. Bf3 Nf4 32. Bg4+ Kb8 33. Bf5 h5 34. Bb2 h4 35. Kf2 Nd5 36. Be4 Nf4 37. Bf5 Bd6 38. Kf3 Bc6+ 39. Be4 Bxe4+ 40. dxe4 Ne6 41. Rg4 Rc8 42. e5 Bc5 43. Rxh4 Rg8 44. g4 Ng5+ 45. Ke2 Kc8 46. Bc1 Ne6 47. Rh7 Nd4+ 48. Kd3 Nc6 49. Ke4 Re8 50. Bf4 Bd6 51. Rxf7 Bxe5 52. Bxe5 Nxe5 53. Re7 Rxe7 54. fxe7 Kd7 55. e8=Q+ Kxe8 56. Kxe5 a5 57. h4 Kf7 58. h5 a4 59. bxa4 Kg7 60. Kf5 b5 61. axb5 Kh6 62. b6 Kg7 63. b7 Kh6 64. b8=Q Kh7 65. g5 Kg7 66. Qc7+ Kg8 67. Kg6 Kh8 68. Qh7# 1-0


[Site "https://www.chess.com"]

[Event "Titled Tuesday Blitz May 24 Late 2022"]
[White "Romanchuk, Viktor"]
[Black "Mahdavi, Reza"]
[WhiteFideId "14109271"]
[BlackFideId "12595926"]
[WhiteElo "2242"]
[BlackElo "2253"]
[Result "1-0"]
[Round "04"]
[TimeControl "180+1"]
[Date "2022.05.24"]
[WhiteClock "0:00:09"]
[BlackClock "0:00:05"]

1. d4 g6 2. c4 Bg7 3. Nf3 d6 4. g3 Nc6 5. Bg2 Bd7 6. O-O Qc8 7. Re1 Bh3 8. Bh1 h5 9. Nc3 h4 10. Bf4 hxg3 11. fxg3 Nf6 12. d5 Nb8 13. e4 Nbd7 14. e5 dxe5 15. Nxe5 Nxe5 16. Bxe5 Qf5 17. Qd4 O-O 18. Bg2 Bxg2 19. Kxg2 c6 20. Qf4 Qh5 21. h3 cxd5 22. cxd5 Rfd8 23. Rad1 Rac8 24. d6 Re8 25. Bxf6 Bxf6 26. d7 Rcd8 27. dxe8=Q+ Rxe8 28. Rd5 Qh7 29. Ne4 Bh8 30. Rd7 Qg7 31. Rxb7 Qd4 32. Re2 Qd5 33. Rb3 Be5 34. Qf3 Qd7 35. Ng5 Bf6 36. Ne4 Bd4 37. Rd3 Kg7 38. Red2 e5 39. Qf6+ Kg8 40. Qxg6+ Kf8 41. Qh6+ Ke7 42. Qg5+ Kf8 43. Qh6+ Ke7 44. Qh4+ Kf8 45. Qg4 Qb7 46. Qf3 Qb6 47. Ng5 Qg6 48. h4 Re7 49. Qe4 Qa6 50. Rf3 Qc4 51. Qh7 Ke8 52. Qh8+ Kd7 53. Qf6 Qc1 54. Rfd3 Qg1+ 55. Kh3 Qh1+ 56. Kg4 Ke8 57. Qh8+ Kd7 58. Rxd4+ exd4 59. Qxd4+ Kc6 60. Qd6+ Kb5 61. Qxe7 Qc1 62. Qe2+ Kb6 63. Qe3+ Kc7 64. Rd3 Qc4+ 65. Rd4 Qf1 66. Qc3+ Kb6 67. Rb4+ 1-0


[Site "https://www.chess.com"]

[Event "Titled Tuesday Blitz May 24 Late 2022"]
[White "Romero Ruscalleda, Josep"]
[Black "Pesotskiy, Mikhail"]
[WhiteFideId "2231859"]
[BlackFideId "34164453"]
[WhiteElo "2322"]
[BlackElo "2010"]
[Result "0-1"]
[Round "04"]
[TimeControl "180+1"]
[Date "2022.05.25"]
[WhiteClock "0:00:59"]
[BlackClock "0:00:55"]

1. e4 e6 2. d4 d5 3. e5 c5 4. c3 Qa5 5. dxc5 Qc7 6. Nf3 Bxc5 7. Bd3 Ne7 8. O-O Nbc6 9. a4 Nxe5 10. Nxe5 Qxe5 11. Re1 Qf6 12. Qe2 O-O 13. Nd2 e5 14. Bc2 Bg4 15. Qf1 Ng6 16. b4 Bd6 17. f3 Bf5 18. Bb3 Nf4 19. c4 Bxb4 20. cxd5 Bd3 21. Qf2 Bc3 22. Ra2 Bd4 23. Re3 Ne2+ 24. Rxe2 Bxe2 25. Ne4 Bxf2+ 26. Kxf2 Qb6+ 27. Kxe2 Qxb3 0-1


[Site "https://www.chess.com"]

[Event "Titled Tuesday Blitz May 24 Late 2022"]
[White "Roque Sola, Jose Luis"]
[Black "Rios Escobar, Adan"]
[WhiteFideId "5120390"]
[BlackFideId "3403645"]
[WhiteElo "1983"]
[BlackElo "2432"]
[Result "0-1"]
[Round "04"]
[TimeControl "180+1"]
[Date "2022.05.25"]
[WhiteClock "0:01:13"]
[BlackClock "0:01:39"]

1. c4 Nf6 2. Nc3 g6 3. Nf3 Bg7 4. g3 c5 5. Bg2 O-O 6. O-O Nc6 7. a3 d5 8. cxd5 Nxd5 9. Nxd5 Qxd5 10. d3 b6 11. Nd2 Qd7 12. Nc4 Bb7 13. Rb1 Nd4 14. Bxb7 Qxb7 15. Be3 Qd7 16. Bxd4 Bxd4 17. b4 h5 18. bxc5 Bxc5 19. h4 Rfd8 20. Qd2 Qg4 21. Ne5 Qxg3+ 22. Kh1 0-1


[Site "https://www.chess.com"]

[Event "Titled Tuesday Blitz May 24 Late 2022"]
[White "Roux, Baptiste"]
[Black "Mangialardo, Tiago Carvalho"]
[WhiteFideId "36017450"]
[BlackFideId "2130718"]
[WhiteElo "1935"]
[BlackElo "2165"]
[Result "1-0"]
[Round "04"]
[TimeControl "180+1"]
[Date "2022.05.25"]
[WhiteClock "0:00:04"]
[BlackClock "0:00:02"]

1. d4 d5 2. Bf4 Nf6 3. e3 Bf5 4. Nd2 e6 5. Ngf3 Bd6 6. Bg3 Nbd7 7. c4 b6 8. Be2 O-O 9. O-O Qe7 10. Rc1 c5 11. Qb3 dxc4 12. Nxc4 Bxg3 13. hxg3 Be4 14. Nfd2 Bd5 15. Bf3 cxd4 16. exd4 Rac8 17. Bxd5 Nxd5 18. Ne4 N7f6 19. Ncd6 Rc7 20. Nxf6+ Nxf6 21. Nb5 Rd7 22. Rfd1 Rfd8 23. Qa4 Ne4 24. Nc3 Nf6 25. Nb5 Ne4 26. Qc2 Nd6 27. Nc3 Ne8 28. Qa4 h6 29. d5 exd5 30. Re1 Qd6 31. Nb5 Qb8 32. Nd4 Nf6 33. Nc6 b5 34. Nxb8 bxa4 35. Nxd7 Rxd7 36. Rc5 g5 37. Rd1 Kg7 38. Ra5 Kg6 39. Rxa4 Kf5 40. f3 h5 41. Kf2 g4 42. b3 Ke5 43. Re1+ Kf5 44. Ra5 1-0


[Site "https://www.chess.com"]

[Event "Titled Tuesday Blitz May 24 Late 2022"]
[White "Rychagov, Andrey"]
[Black "Dobre, Claudiu-Cristian"]
[WhiteFideId "4119932"]
[BlackFideId "1211854"]
[WhiteElo "2500"]
[BlackElo "2207"]
[Result "1-0"]
[Round "04"]
[TimeControl "180+1"]
[Date "2022.05.25"]
[WhiteClock "0:00:44"]
[BlackClock "0:00:11"]

1. d4 d5 2. c4 c6 3. Nf3 Nf6 4. Nc3 e6 5. e3 Nbd7 6. Qc2 Bd6 7. b3 O-O 8. Be2 e5 9. cxd5 cxd5 10. Nb5 Bb4+ 11. Bd2 Bxd2+ 12. Nxd2 exd4 13. Nxd4 Ne5 14. h3 Qe7 15. O-O g6 16. Rac1 Bd7 17. Qc7 Rab8 18. Qc5 Qxc5 19. Rxc5 Rfc8 20. Rfc1 Rxc5 21. Rxc5 a6 22. f3 Nc6 23. Nxc6 Bxc6 24. b4 Rc8 25. Nb3 Bd7 26. Kf2 Kf8 27. g4 h6 28. h4 Rxc5 29. Nxc5 Bc8 30. g5 hxg5 31. hxg5 Nd7 32. Kg3 Ke7 33. Kf4 Kd6 34. Nb3 Nf8 35. Kg3 Ne6 36. f4 Ng7 37. Kf2 Bf5 38. Nd4 Bc8 39. Ke1 Nf5 40. Nc2 Ne7 41. Kd2 Nc6 42. Kc3 Bd7 43. a4 Ne7 44. a5 Nf5 45. Bg4 Ba4 46. Bxf5 gxf5 47. Nd4 Bd7 48. Nf3 Ke6 49. Ne5 Be8 50. Kd4 f6 51. gxf6 Kxf6 52. Kxd5 1-0


[Site "https://www.chess.com"]

[Event "Titled Tuesday Blitz May 24 Late 2022"]
[White "Saim, Mohamed Ilias"]
[Black "Medeiros Jr, Francisco De Assis"]
[WhiteFideId "7900465"]
[BlackFideId "2114267"]
[WhiteElo "2006"]
[BlackElo "2003"]
[Result "0-1"]
[Round "04"]
[TimeControl "180+1"]
[Date "2022.05.25"]
[WhiteClock "0:02:26"]
[BlackClock "0:02:12"]

1. d4 d5 2. Nf3 e6 3. e3 Nf6 4. c4 a6 5. Nbd2 dxc4 6. Nxc4 b5 7. Nce5 Bb7 8. Qc2 Bb4+ 9. Bd2 Bxd2+ 10. Nxd2 O-O 11. Rc1 Nbd7 12. Nxd7 Qxd7 13. Qxc7 Rac8 0-1


[Site "https://www.chess.com"]

[Event "Titled Tuesday Blitz May 24 Late 2022"]
[White "Sanchez, Robert"]
[Black "Avramidou, Anastasia"]
[WhiteFideId "2034360"]
[BlackFideId "4239873"]
[WhiteElo "2276"]
[BlackElo "2183"]
[Result "0-1"]
[Round "04"]
[TimeControl "180+1"]
[Date "2022.05.25"]
[WhiteClock "0:00:04"]
[BlackClock "0:00:05"]

1. e4 g6 2. d4 Bg7 3. Nc3 c6 4. Nf3 d6 5. Be3 Nf6 6. h3 O-O 7. Qd2 b5 8. Bd3 a5 9. O-O b4 10. Ne2 Bb7 11. Ng3 Qc7 12. Bh6 e5 13. Bxg7 Kxg7 14. Nf5+ Kh8 15. Qh6 Rg8 16. Ng5 exd4 17. f4 gxf5 18. Qxf6+ Rg7 19. Rae1 Kg8 20. Qxd4 c5 21. Qf6 Nd7 22. Qxf5 c4 23. Be2 Re8 24. Bh5 Qc5+ 25. Qxc5 Nxc5 26. Nxf7 Rxf7 27. Bxf7+ Kxf7 28. e5 Rg8 29. Rf2 Ne4 30. Rfe2 d5 31. Rd1 Ke6 32. Kh2 h5 33. g3 Nxg3 34. Rg2 h4 35. Rd4 Rg7 36. c3 bxc3 37. bxc3 Nf5 38. Rxg7 Nxg7 39. Rd2 Kf5 40. Rb2 Bc6 41. Rb6 Kxf4 42. Rxc6 Kxe5 43. Rc5 Nf5 44. Rxa5 Ke4 45. Rb5 Ne3 46. a4 Nd1 47. Rb1 Nxc3 48. Ra1 d4 49. Kg2 d3 50. a5 Nb5 51. a6 c3 52. Kf2 c2 53. Ke1 Ke3 54. Rc1 d2+ 0-1


[Site "https://www.chess.com"]

[Event "Titled Tuesday Blitz May 24 Late 2022"]
[White "Sapunov, Evgeny"]
[Black "Sirosh, Ilja"]
[WhiteFideId "4126661"]
[BlackFideId "4500458"]
[WhiteElo "2470"]
[BlackElo "2241"]
[Result "0-1"]
[Round "04"]
[TimeControl "180+1"]
[Date "2022.05.24"]
[WhiteClock "0:00:05"]
[BlackClock "0:00:03"]

1. c4 e6 2. Nf3 d5 3. d4 Nf6 4. Nc3 c5 5. cxd5 exd5 6. g3 Nc6 7. Bg2 cxd4 8. Nxd4 Bc5 9. Nxc6 bxc6 10. Qc2 Bb6 11. O-O O-O 12. Na4 Bd7 13. Nc5 Bg4 14. Be3 Qe7 15. b4 a5 16. a3 axb4 17. axb4 h6 18. Rfe1 Rfe8 19. Rxa8 Rxa8 20. Bd4 Bxc5 21. bxc5 Qe6 22. Qc3 Ra4 23. f3 Rc4 24. Qe3 Qxe3+ 25. Bxe3 Bf5 26. Rc1 Rb4 27. g4 Bb1 28. Bd2 Rb3 29. Bc3 Nd7 30. Bd4 Nf8 31. Kf2 Ne6 32. Be5 f6 33. Bd6 g5 34. Bf1 Rb2 35. Kg3 Kf7 36. h4 Ba2 37. Ra1 Nd4 38. h5 Nxe2+ 39. Bxe2 Rxe2 40. Rd1 Ke6 41. Rd3 Bc4 42. Ra3 d4 43. Ra7 Kd5 44. Rd7 Bb5 45. Bf8+ Kc4 46. Bxh6 d3 47. Bg7 d2 48. h6 Kc3 49. h7 Bd3 50. Bxf6+ Kc2 51. h8=Q d1=Q 52. Bd4 Qe1+ 53. Kh3 Qh1+ 54. Kg3 Qg2# 0-1


[Site "https://www.chess.com"]

[Event "Titled Tuesday Blitz May 24 Late 2022"]
[White "Sargsyan, Anna M."]
[Black "Huber, Benedikt"]
[WhiteFideId "13308130"]
[BlackFideId "12923583"]
[WhiteElo "2271"]
[BlackElo "1979"]
[Result "1-0"]
[Round "04"]
[TimeControl "180+1"]
[Date "2022.05.25"]
[WhiteClock "0:00:34"]
[BlackClock "0:00:03"]

1. d4 f5 2. Nc3 Nf6 3. Bg5 d5 4. Bxf6 exf6 5. e3 c6 6. Bd3 Bd6 7. Nge2 Be6 8. Qd2 Nd7 9. O-O-O b5 10. Rdg1 a5 11. h3 a4 12. g4 fxg4 13. hxg4 b4 14. Nd1 b3 15. cxb3 axb3 16. a3 c5 17. Bxh7 Rxh7 18. Rxh7 Bf7 19. Ndc3 c4 20. g5 fxg5 21. e4 Bxa3 22. bxa3 Rxa3 23. Qxg5 Qa5 24. Rh8+ Nf8 25. Qe5+ Kd7 26. Qf5+ Be6 27. Rxg7+ Kc6 28. exd5+ Kb6 29. Qxe6+ Nxe6 30. Rb8+ Ka6 31. Ra8+ Kb6 32. Rxa5 Kxa5 33. dxe6 Kb4 34. Nd5+ Ka4 35. Ra7+ Kb5 36. Nec3+ Kc6 37. Rxa3 b2+ 38. Kxb2 Kd6 39. Ra6# 1-0


[Site "https://www.chess.com"]

[Event "Titled Tuesday Blitz May 24 Late 2022"]
[White "Sarkar, Justin"]
[Black "Halkias, Stelios"]
[WhiteFideId "2010011"]
[BlackFideId "4201809"]
[WhiteElo "2020"]
[BlackElo "2453"]
[Result "0-1"]
[Round "04"]
[TimeControl "180+1"]
[Date "2022.05.25"]
[WhiteClock "0:00:01"]
[BlackClock "0:01:08"]

1. d4 Nf6 2. c4 e6 3. Nf3 c5 4. d5 d6 5. Nc3 exd5 6. cxd5 g6 7. e4 Bg7 8. Be2 a6 9. a4 Bg4 10. Bf4 O-O 11. O-O Bxf3 12. Bxf3 Ne8 13. g3 Nd7 14. h4 Qc7 15. h5 Ne5 16. Be2 Rb8 17. Kg2 Qe7 18. Qd2 Nc7 19. Rh1 Rfe8 20. Be3 Nd7 21. Bf3 b6 22. Rh4 b5 23. axb5 axb5 24. Ra7 Rec8 25. hxg6 hxg6 26. Ne2 Ne5 27. Bg5 Bf6 28. Bxf6 Qxf6 29. Rf4 Qg5 30. Qc2 b4 31. Ng1 Nb5 32. Nh3 Qh6 33. Re7 Qf8 34. Rxe5 dxe5 35. Rf6 Qe7 0-1


[Site "https://www.chess.com"]

[Event "Titled Tuesday Blitz May 24 Late 2022"]
[White "Semenenko, Dmytry"]
[Black "Adewumi, Tanitoluwa"]
[WhiteFideId "14118645"]
[BlackFideId "30966396"]
[WhiteElo "2113"]
[BlackElo "2514"]
[Result "0-1"]
[Round "04"]
[TimeControl "180+1"]
[Date "2022.05.25"]
[WhiteClock "0:01:18"]
[BlackClock "0:01:15"]

1. Nf3 d5 2. c4 d4 3. e3 Nc6 4. b4 dxe3 5. fxe3 Nxb4 6. d4 e5 7. a3 Nc6 8. d5 e4 9. Nfd2 Ne5 10. Nxe4 Nf6 11. Qd4 Nfd7 12. Ng3 Bc5 13. Qf4 O-O 14. Bb2 Re8 15. Nf5 Qf6 16. Bd3 Nxd3+ 17. Kd1 Qxb2 18. Qg5 Nf2+ 19. Ke1 Nxh1 20. Nd2 Qxa1+ 21. Ke2 Qf6 0-1


[Site "https://www.chess.com"]

[Event "Titled Tuesday Blitz May 24 Late 2022"]
[White "Senthilkumar, Pranav"]
[Black "Tisaj, Domen"]
[WhiteFideId "2083477"]
[BlackFideId "14628708"]
[WhiteElo "2414"]
[BlackElo "2326"]
[Result "0-1"]
[Round "04"]
[TimeControl "180+1"]
[Date "2022.05.25"]
[WhiteClock "0:00:53"]
[BlackClock "0:01:10"]

1. Nf3 Nf6 2. g3 d5 3. Bg2 g6 4. O-O Bg7 5. c3 O-O 6. d4 Bf5 7. Bf4 c6 8. Nbd2 Nbd7 9. Nh4 Be6 10. e4 dxe4 11. Nxe4 Nxe4 12. Bxe4 Bd5 13. Bxd5 cxd5 14. Qb3 Nb6 15. Nf3 e6 16. a4 Qe7 17. Ne5 Rfc8 18. a5 Nc4 19. Nxc4 Rxc4 20. Ra4 Rac8 21. Rxc4 Rxc4 22. Qb5 a6 23. Qb6 Rc6 24. Qb3 g5 25. Bd2 g4 26. Re1 h5 27. Qxd5 exd5 28. Rxe7 b6 29. axb6 Rxb6 30. Bc1 Rb5 31. Kg2 a5 32. Rc7 Bf6 33. Rc5 Rxc5 34. dxc5 Kf8 35. b4 Bxc3 36. b5 Bd4 37. Ba3 Ke8 38. c6 Bb6 39. Bd6 a4 40. Kf1 Kd8 41. Ke2 f5 42. Kd3 Bxf2 43. Bb4 f4 44. Ba5+ Kc8 45. b6 Bxb6 46. Bxb6 f3 47. Kc3 d4+ 48. Bxd4 Kc7 49. Kb4 Kxc6 50. Kxa4 Kd5 51. Bb6 Kc4 52. Ka3 Kd3 53. Kb4 Ke2 54. Kc4 f2 55. Bxf2 Kxf2 56. Kd3 Kg2 57. Ke3 Kxh2 58. Kf4 Kh3 0-1


[Site "https://www.chess.com"]

[Event "Titled Tuesday Blitz May 24 Late 2022"]
[White "Shapiro, Daniel"]
[Black "Turutin, Alexander"]
[WhiteFideId "2001780"]
[BlackFideId "4180623"]
[WhiteElo "2270"]
[BlackElo "2402"]
[Result "0-1"]
[Round "04"]
[TimeControl "180+1"]
[Date "2022.05.25"]
[WhiteClock "0:00:04"]
[BlackClock "0:01:13"]

1. d4 Nf6 2. c4 g6 3. Nc3 Bg7 4. e4 O-O 5. Be2 d6 6. Nf3 e5 7. O-O Nc6 8. d5 Ne7 9. a4 a5 10. b3 Nd7 11. Ne1 f5 12. f3 f4 13. Nd3 b6 14. Ba3 g5 15. b4 axb4 16. Bxb4 Nf6 17. Nf2 h5 18. a5 Rf7 19. axb6 Rxa1 20. bxc7 Qxc7 21. Qxa1 Ng6 22. Nb5 Qb6 23. Bxd6 Qe3 24. Nc3 g4 25. Qc1 Qa7 26. c5 g3 27. Nd3 Ne8 28. Nb5 Qa5 29. Nb2 Qd8 30. h3 Qh4 31. Qd2 Bxh3 32. gxh3 Qxh3 33. Bc4 Nh4 34. c6 g2 35. Kf2 Qxf3+ 36. Ke1 Qxe4+ 37. Kd1 gxf1=Q+ 38. Bxf1 Nf3 39. Qe2 Qb1# 0-1


[Site "https://www.chess.com"]

[Event "Titled Tuesday Blitz May 24 Late 2022"]
[White "Shirov, Alexei"]
[Black "Golubev, Mikhail"]
[WhiteFideId "2209390"]
[BlackFideId "14100983"]
[WhiteElo "2678"]
[BlackElo "2374"]
[Result "1-0"]
[Round "04"]
[TimeControl "180+1"]
[Date "2022.05.24"]
[WhiteClock "0:01:18"]
[BlackClock "0:00:06"]

1. e4 c5 2. Nf3 d6 3. d4 cxd4 4. Nxd4 Nf6 5. Nc3 g6 6. Be3 Bg7 7. f3 Nc6 8. Qd2 O-O 9. O-O-O d5 10. exd5 Nxd5 11. Nxc6 bxc6 12. Bd4 e5 13. Bc5 Re8 14. Ne4 Qc7 15. Bc4 Be6 16. Bb3 a5 17. a4 h6 18. h4 f5 19. Nd6 Red8 20. Nc4 Rd7 21. Nb6 Rad8 22. Nxd7 Rxd7 23. Rhe1 Kh7 24. Qf2 Qb8 25. h5 g5 26. Rd2 Rb7 27. Rd3 Nf4 28. Bxe6 Nxe6 29. Bd6 Qh8 30. g4 e4 31. fxe4 Bxb2+ 32. Kd1 f4 33. e5 Qg8 34. Qf3 Kh8 35. Qxc6 1-0


[Site "https://www.chess.com"]

[Event "Titled Tuesday Blitz May 24 Late 2022"]
[White "Shuvalova, Polina"]
[Black "Sjugirov, Sanan"]
[WhiteFideId "24171760"]
[BlackFideId "4189302"]
[WhiteElo "2355"]
[BlackElo "2602"]
[Result "1/2-1/2"]
[Round "04"]
[TimeControl "180+1"]
[Date "2022.05.24"]
[WhiteClock "0:00:55"]
[BlackClock "0:00:25"]

1. e4 c5 2. Nc3 a6 3. Nge2 b5 4. g3 Bb7 5. Bg2 e6 6. O-O d6 7. f4 Qc7 8. d3 Be7 9. f5 e5 10. g4 h6 11. Ng3 Bg5 12. a4 b4 13. Nd5 Bxd5 14. exd5 Nf6 15. Ne4 Nxe4 16. Bxe4 Nd7 17. b3 Qd8 18. Qf3 Bxc1 19. Raxc1 Qh4 20. Qg3 Qxg3+ 21. hxg3 Nf6 22. Bf3 Ke7 23. Kf2 g6 24. fxg6 fxg6 25. Rh1 Kf7 26. Kg2 Kg7 27. Rcf1 Raf8 28. Rf2 Nh7 29. Be4 a5 30. Rhf1 Rxf2+ 31. Rxf2 Rf8 32. Re2 Kf6 33. Re3 Kg5 34. Bf3 Nf6 35. Kh3 Rh8 36. Re1 Rh7 37. Re2 Rc7 38. Re1 Rc8 39. Re2 Rf8 40. Re3 Nh7 41. Kg2 Rf7 42. Kh3 Kf6 43. Kg2 Ng5 44. Be2 Kg7 45. Bd1 Rf8 46. Be2 Nh7 47. Bf3 Kf6 48. Re2 Kg5 49. Re3 1/2-1/2


[Site "https://www.chess.com"]

[Event "Titled Tuesday Blitz May 24 Late 2022"]
[White "Sibilio, Mario"]
[Black "Kim, Sergey"]
[WhiteFideId "800422"]
[BlackFideId "13700570"]
[WhiteElo "2296"]
[BlackElo "2550"]
[Result "0-1"]
[Round "04"]
[TimeControl "180+1"]
[Date "2022.05.25"]
[WhiteClock "0:00:03"]
[BlackClock "0:01:51"]

1. d4 Nf6 2. Nf3 g6 3. Bg5 Bg7 4. Nc3 d6 5. e4 c6 6. Qd2 Qa5 7. Bd3 Nbd7 8. O-O e5 9. Bh6 O-O 10. h3 Qc7 11. a4 a5 12. Rad1 Re8 13. Bxg7 Kxg7 14. Bc4 h6 15. Rfe1 Nh5 16. Ne2 Ndf6 17. Ng3 Nf4 18. Bf1 Qe7 19. c4 Nd7 20. b3 Qf6 21. dxe5 dxe5 22. Qc3 Nc5 23. Nh2 h5 24. f3 Qg5 25. Kf2 Nce6 26. Rd6 Nd4 0-1


[Site "https://www.chess.com"]

[Event "Titled Tuesday Blitz May 24 Late 2022"]
[White "Stevens, Christian"]
[Black "Sokolovsky, Yahli"]
[WhiteFideId "2604450"]
[BlackFideId "2820242"]
[WhiteElo "2542"]
[BlackElo "1770"]
[Result "1-0"]
[Round "04"]
[TimeControl "180+1"]
[Date "2022.05.25"]
[WhiteClock "0:00:18"]
[BlackClock "0:00:10"]

1. Nf3 g6 2. c4 Bg7 3. e4 c5 4. d4 cxd4 5. Nxd4 Nc6 6. Be3 d6 7. Nc3 Nf6 8. Be2 O-O 9. Qd2 Ng4 10. Bxg4 Bxg4 11. f3 Bd7 12. b3 Qa5 13. Rc1 Rac8 14. O-O Nxd4 15. Bxd4 b5 16. Bxg7 Kxg7 17. Qd4+ Kg8 18. Nd5 Rfe8 19. cxb5 Qxa2 20. Rxc8 Bxc8 21. Rc1 Be6 22. Nc7 Rc8 23. Ra1 Qxb3 24. Qxa7 Bc4 25. b6 Qe3+ 26. Kh1 Rd8 27. b7 Qxa7 28. Rxa7 Rb8 29. Ra8 1-0


[Site "https://www.chess.com"]

[Event "Titled Tuesday Blitz May 24 Late 2022"]
[White "Szente Varga, Fruzsina"]
[Black "Urbina Perez, Juan Antonio"]
[WhiteFideId "712264"]
[BlackFideId "2217368"]
[WhiteElo "1994"]
[BlackElo "2192"]
[Result "1-0"]
[Round "04"]
[TimeControl "180+1"]
[Date "2022.05.25"]
[WhiteClock "0:00:19"]
[BlackClock "0:00:11"]

1. e4 c5 2. Nf3 d6 3. d4 cxd4 4. Qxd4 Nf6 5. Bg5 Nc6 6. Bb5 Bd7 7. Bxc6 Bxc6 8. Nc3 h6 9. Bxf6 gxf6 10. O-O-O e6 11. Nd2 Be7 12. Nc4 Rg8 13. Rhg1 Qc7 14. f4 O-O-O 15. Qxa7 Qb8 16. Nb6+ Kc7 17. Qa5 f5 18. exf5 exf5 19. Rge1 Bf8 20. Ncd5+ Bxd5 21. Rxd5 Re8 22. Nc4+ b6 23. Rxe8 Qxe8 24. Qxb6+ Kc8 25. Qa6+ Kc7 26. Qa5+ Kc8 27. Nb6+ Kb7 28. b3 Qe3+ 29. Kb1 Bg7 30. Qd2 Qxd2 31. Rxd2 Kxb6 32. Rxd6+ Kc7 33. Rd3 Bf6 34. g3 Re8 35. c4 Re2 36. a4 Rb2+ 37. Kc1 Rxh2 38. b4 Ra2 39. a5 Rb2 40. b5 Ra2 41. a6 Re2 42. Rd5 Re4 43. c5 Rc4+ 44. Kd2 Be7 45. b6+ Kc6 46. Rxf5 Rxc5 47. b7 Kc7 48. Rxf7 Rd5+ 49. Ke3 Rd7 50. Ke4 Kb8 51. f5 Rc7 52. f6 Bd6 53. Rxc7 Bxc7 54. f7 Bd6 55. Kd5 Bf8 56. Ke6 Kc7 57. g4 Bb4 58. Kf6 Bf8 59. Kg6 Kb8 60. Kh7 Ka7 61. Kg8 Bd6 62. f8=Q Bxf8 63. Kxf8 Kb8 64. Kg7 Ka7 65. Kxh6 Kb8 66. g5 Kc7 67. g6 Kd7 68. g7 Ke7 69. g8=Q Kd7 70. b8=Q 1-0


[Site "https://www.chess.com"]